 Dungeon Crawl Stone Soup version 0.19-a0-14-gde87d98 (console) character file.

11797 vogonpoet the Martial Artist (level 11, -4/91 HPs)
             Began as a Demonspawn Transmuter on Apr 29, 2016.
             Was a High Priest of Okawaru.
             Slain by a hill giant
             ... wielding a +0 giant spiked club
              (37 damage)
             ... on level 11 of the Dungeon.
             The game lasted 00:45:52 (13729 turns).

vogonpoet the Martial Artist (DsTm)                Turns: 13729, Time: 00:45:53

Health: -4/91      AC:  2    Str: 10    XL:     11   Next: 54%
Magic:  11/17      EV: 22    Int: 17    God:    Okawaru [*****.]
Gold:   453        SH:  0    Dex: 20    Spells: 4 memorised, 4 levels left

rFire  + . .     SeeInvis .       - Unarmed
rCold  . . .     Gourm    +     (armour currently unavailable)
rNeg   . . .     Faith    .     (shield currently unavailable)
rPois  x         Spirit   .     (helmet currently unavailable)
rElec  .         Dismiss  .     (cloak currently unavailable)
rCorr  .         Reflect  .     (gloves currently unavailable)
SustAt .         Harm     .     (boots currently unavailable)
MR     .....                    E - amulet of the gourmand
Stlth  ++........               M - ring of protection from fire
                                k - ring of wizardry

@: spider-form, not resistant to hostile enchantments, unstealthy
A: (talons 0), rugged brown scales 2, demonic guardian 1, rot immunity
a: End Transformation, Heroism, Finesse, Renounce Religion


You were on level 11 of the Dungeon.
You worshipped Okawaru.
Okawaru was extremely pleased with you.
You were not hungry.
You were a venomous arachnid creature.
You visited 2 branches of the dungeon, and saw 12 of its levels.

You collected 453 gold pieces.

Inventory:

Hand Weapons
 y - a +0 hunting sling
 T - a +1 blowgun
Missiles
 a - 226 arrows
 g - 54 sling bullets
 i - 5 throwing nets (quivered)
 v - 14 tomahawks
 w - 13 poisoned needles
 U - 6 curare-tipped needles
Armour
 n - a +2 pair of gloves (melded)
 s - a +0 buckler (melded)
 x - a +0 pair of boots (melded)
 C - a +5 ring mail of poison resistance
 O - a +0 ring mail of cold resistance
 W - a +0 leather armour (melded)
 X - the +0 scale mail of Failure {rN+ rCorr Slay+3}
   (You found it on level 8 of the Dungeon)

   It affects your accuracy and damage with ranged weapons and melee attacks
   (+3).
   It protects you from negative energy.
   It protects you from acid and corrosion.
Magical Staves
 u - an uncursed staff of fire {unknown}
Jewellery
 k - a ring of wizardry (left front leg)
 z - an uncursed ring of wizardry
 E - an amulet of the gourmand (around neck)
 K - a +4 ring of dexterity
 M - a ring of protection from fire (right front leg)
Wands
 l - a wand of lightning (5/15)
 m - a wand of iceblast (6/15)
 I - a wand of teleportation (6/9)
 J - a wand of teleportation (8/9)
 V - a wand of iceblast (8/15)
 Z - a wand of flame (12/48)
Scrolls
 b - a scroll of magic mapping
 e - 4 scrolls of identify
 f - 3 scrolls of remove curse
 h - 3 scrolls of amnesia
 q - 2 scrolls of fog
 P - 2 scrolls of recharging
 Q - a scroll of blinking
Potions
 j - 5 potions of heal wounds
 o - 6 potions of degeneration
 t - 4 potions of curing
 A - 2 potions of cure mutation
 D - a potion of resistance
 F - a potion of brilliance
 H - a potion of magic
 N - a potion of ambrosia
 Y - 2 potions of mutation
Books
 c - a book of Changes

   Spells                             Type                      Level
   a - Beastly Appendage              Transmutation                1
   b - Sticks to Snakes               Transmutation                2
   c - Spider Form                    Transmutation/Poison         3
   d - Ice Form                       Ice/Transmutation            4
   e - Blade Hands                    Transmutation                5
 r - a book of Callings

   Spells                             Type                      Level
   a - Summon Small Mammal            Summoning                    1
   b - Call Imp                       Summoning                    2
   c - Call Canine Familiar           Summoning                    3
   d - Summon Guardian Golem          Hexes/Summoning              3
   e - Summon Lightning Spire         Summoning/Air                4
   f - Summon Ice Beast               Ice/Summoning                4
Comestibles
 d - 10 bread rations
 p - 3 meat rations
 B - 6 beef jerkies
 G - 3 chunks of flesh
 R - 24 fruits


   Skills:
 + Level 8.4 Fighting
 - Level 1.5 Armour
 + Level 3.6 Dodging
 + Level 1.0 Shields
 * Level 10.9 Unarmed Combat
 - Level 4.0 Spellcasting
 * Level 8.9 Transmutations
 - Level 2.0 Ice Magic
 - Level 4.0 Invocations


You had 4 spell levels left.
You knew the following spells:

 Your Spells              Type           Power        Failure   Level  Hunger
b - Sticks to Snakes      Trmt           ####....     1%          2    ##.....
c - Spider Form           Trmt/Pois      ###.......   10%         3    ###....
d - Ice Form              Ice/Trmt       ###.....     16%         4    ####...
e - Blade Hands           Trmt           ####......   12%         5    ######.


Dungeon Overview and Level Annotations

Branches:
Dungeon (11/15)            Temple (1/1) D:7            Lair (0/8) D:10
    Orc: D:9-12

Altars:
Ashenzari
Cheibriados
Dithmenos
Elyvilon
Gozag
Makhleb
Nemelex Xobeh
Okawaru
Pakellas
Qazlal
Trog
Vehumet
Xom
Yredelemnul
Zin
The Shining One

Shops:
D:6 }   D:7 (   D:8 *


Innate Abilities, Weirdness & Mutations

((You have sharp toenails.))
(You are mostly covered in rugged brown scales (AC +2, +5% HP).)
A weak demonic guardian rushes to your aid.
You are immune to rotting.


Message History

The yak misses you.
You completely miss the yak.
The yak is moderately wounded.
The yak completely misses you.
The howler monkey hoots and howls with incredible vigour!
You bite the yak!
The yak looks even sicker.
The yak is severely wounded.
The yak barely misses you.
You hit the yak.
The yak is almost dead.
The yak gores you!
You hit the yak but do no damage.
The yak is almost dead.
Your white imp disappears in a puff of smoke!
The howler monkey hoots and howls with incredible vigour!
You bite the yak!
You kill the yak!
Okawaru accepts your kill.
The hill giant hits you with a giant spiked club!!!
You die...

######### #.........
#######.........
#..).##.........
#....##.........
###############.ยง..##.........
.........hhZCs5.5.............
.........h####....#..........
###....#.# #....#....).....
#....#.# ######..........
#.####....#S## #..........
...........#YC# #..........
....##.....##h# #.######### ##
####..##.## #.# #..##Zh# #.#


You could see a hill giant, 2 howler monkeys, a hound, an orc zombie, a friendly
crimson imp and a friendly white imp.

Vanquished Creatures
  Pikel (D:5)
  A hill giant (D:11)
  A centaur zombie (D:10)
  An ice statue (D:8)
  4 trolls
  Prince Ribbit (D:5)
  A hungry ghost (D:11)
  5 yaks
  2 hippogriffs
  A water moccasin (D:10)
  4 phantoms
  7 orc warriors
  2 ice beasts
  A black bear (D:8)
  2 sky beasts
  An eye of draining (D:10)
  8 ogres
  6 centaurs
  2 big kobolds (D:8)
  2 gnoll sergeants
  5 giant frogs
  3 scorpions
  5 killer bees (D:9)
  14 wights
  3 howler monkeys
  5 crimson imps
  2 giant frog zombies
  2 quasits (D:9)
  3 orc priests
  2 jellies
  10 orc wizards
  12 hounds
  3 gnoll shamans (D:9)
  2 iguanas
  Jessica (D:3)
  A centaur skeleton (D:5)
  A giant frog skeleton (D:7)
  3 worker ants
  An ogre zombie (D:11)
  3 hound skeletons
  A howler monkey zombie (D:7)
  18 gnolls
  3 worker ant zombies
  14 adders
  A howler monkey skeleton (D:10)
  2 shadow imps
  An ooze (D:2)
  2 adder zombies
  3 worms
  A dart slug (D:1)
  6 giant geckos
  34 orcs
  5 giant cockroaches
  9 hobgoblins
  9 jackals
  9 quokkas
  2 ball pythons
  A ball python skeleton (D:4)
  5 bats
  A giant gecko zombie (D:7)
  8 giant newts
  6 goblins
  A goblin zombie (D:11)
  14 kobolds
  An orc skeleton (D:11)
  5 orc zombies (D:11)
  A quokka skeleton (D:5)
  14 rats
  A plant (D:10)
312 creatures vanquished.

Vanquished Creatures (collateral kills)
  Gastronok (D:11)
  A wyvern (D:8)
  A yak (D:10)
  A hippogriff (D:9)
  A sky beast (D:7)
  2 ogres
  The ghost of vogonpoet the Changer, an amateur DsTm (D:6)
  A big kobold (D:9)
  A giant frog (D:8)
  A howler monkey (D:7)
  A worker ant (D:8)
  2 gnolls
  3 adders
  3 orcs
  A giant cockroach (D:2)
  A hobgoblin (D:2)
  A jackal (D:8)
  A kobold (D:8)
  2 orc skeletons (D:11)
26 creatures vanquished.

Vanquished Creatures (others)
  A crimson imp (D:5)
  A quokka (D:9)
  4 fungi (D:9)
  4 plants (D:9)
10 creatures vanquished.

Grand Total: 348 creatures vanquished

Notes
Turn   | Place    | Note
--------------------------------------------------------------
     0 | D:1      | vogonpoet the Demonspawn Transmuter began the quest for the Orb.
     0 | D:1      | Reached XP level 1. HP: 15/15 MP: 3/3
    22 | D:1      | Reached skill level 3 in Unarmed Combat
   368 | D:1      | Gained mutation: You are partially covered in rugged brown scales (AC +1, +3% HP). [demonic ancestry]
   368 | D:1      | Reached XP level 2. HP: 15/21 MP: 3/5
  1065 | D:2      | Gained mutation: You are mostly covered in rugged brown scales (AC +2, +5% HP). [demonic ancestry]
  1065 | D:2      | Reached XP level 3. HP: 12/27 MP: 6/6
  1087 | D:2      | Learned a level 3 spell: Spider Form
  1090 | D:2      | Learned a level 2 spell: Sticks to Snakes
  1772 | D:2      | Gained mutation: A weak demonic guardian rushes to your aid. [demonic ancestry]
  1772 | D:2      | Reached XP level 4. HP: 23/33 MP: 1/7
  2225 | D:3      | Noticed Jessica
  2231 | D:3      | Killed Jessica
  2662 | D:3      | Reached skill level 4 in Unarmed Combat
  2789 | D:3      | Reached XP level 5. HP: 24/38 MP: 0/8
  3264 | D:4      | Noticed a sky beast
  3315 | D:4      | Killed a sky beast
  3327 | D:4      | Reached skill level 5 in Unarmed Combat
  3340 | D:4      | Gained mutation: You are immune to rotting. [demonic ancestry]
  3340 | D:4      | Reached XP level 6. HP: 41/45 MP: 3/9
  3658 | D:4      | Found an oddly glowing altar of Pakellas.
  4029 | D:5      | Entered Level 5 of the Dungeon
  4246 | D:5      | Gained mutation: You have sharp toenails. [demonic ancestry]
  4246 | D:5      | Reached XP level 7. HP: 33/53 MP: 6/10
  4260 | D:5      | Noticed Prince Ribbit
  4270 | D:5      | Killed Prince Ribbit
  4270 | D:5      | Reached skill level 6 in Unarmed Combat
  4343 | D:5      | Found a radiant altar of Vehumet.
  4403 | D:5      | Learned a level 4 spell: Ice Form
  4627 | D:5      | Found a bloodstained altar of Trog.
  4750 | D:5      | Noticed Pikel
  4772 | D:5      | Killed Pikel
  4772 | D:5      | Reached skill level 7 in Unarmed Combat
  4772 | D:5      | Reached skill level 1 in Ice Magic
  4772 | D:5      | Reached XP level 8. HP: 25/63 MP: 9/13
  5142 | D:6      | Reached skill level 5 in Transmutations
  5615 | D:6      | Noticed vogonpoet's ghost (amateur DsTm)
  5631 | D:6      | Killed vogonpoet's ghost
  5687 | D:6      | Reached XP level 9. HP: 61/69 MP: 7/14
  5768 | D:6      | Found a shadowy altar of Dithmenos.
  5768 | D:6      | Found a burning altar of Makhleb.
  5774 | D:6      | Reached skill level 8 in Unarmed Combat
  5970 | D:6      | Found Zapemp's Gadget Emporium.
  6134 | D:6      | Learned a level 5 spell: Blade Hands
  6997 | D:7      | Found a staircase to the Ecumenical Temple.
  7017 | Temple   | Entered the Ecumenical Temple
  7041 | Temple   | Became a worshipper of Warmaster Okawaru
  7228 | D:7      | Found Nogaps's Weapon Shoppe.
  7534 | D:7      | Reached skill level 9 in Unarmed Combat
  7962 | D:8      | Reached * piety under Okawaru
  7962 | D:8      | Reached skill level 5 in Fighting
  8035 | D:8      | Found an opulent altar of Gozag.
  8038 | D:8      | Found Gozag's Platinum Reserve.
  8170 | D:8      | Reached skill level 1 in Invocations
  8412 | D:8      | Noticed an ice statue
  8426 | D:8      | Killed an ice statue
  8534 | D:8      | Reached XP level 10. HP: 41/77 MP: 12/16
  8560 | D:8      | Got a translucent scale mail
  9102 | D:8      | Reached skill level 10 in Unarmed Combat
  9534 | D:8      | Identified the cursed +0 scale mail of Failure {rN+ rCorr Slay+3} (You found it on level 8 of the Dungeon)
 10160 | D:9      | Reached ** piety under Okawaru
 10174 | D:9      | Found a shimmering altar of Xom.
 10174 | D:9      | Found a glowing silver altar of Zin.
 10175 | D:9      | Noticed an angel
 10471 | D:9      | Found a white marble altar of Elyvilon.
 11191 | D:9      | Reached *** piety under Okawaru
 11201 | D:9      | Reached skill level 1 in Armour
 11801 | D:9      | Reached skill level 1 in Shields
 11965 | D:10     | Entered Level 10 of the Dungeon
 12015 | D:10     | Reached XP level 11. HP: 87/89 MP: 14/17
 12168 | D:10     | Reached **** piety under Okawaru
 12179 | D:10     | Identified a scroll of acquirement
 12667 | D:10     | Found a staircase to the Lair.
 13190 | D:11     | Noticed a hill giant
 13680 | D:11     | Noticed Gastronok
 13687 | D:11     | Noticed a hill giant
 13691 | D:11     | Killed Gastronok
 13691 | D:11     | Reached ***** piety under Okawaru
 13696 | D:11     | Killed a hill giant
 13729 | D:11     | Slain by a hill giant

Vault maps used:
D:1:      dpeg_arrival_ratfight
D:3:      first_bread, kennysheep_nub, uniq_jessica
D:4:      grunt_pakellas_mercury
D:5:      vehumet_altar_wand_db, nicolae_overflow_hidden_temple,
          minmay_misc_feat_more_columns, uniq_pikel, uniq_prince_ribbit1
D:6:      grunt_temple_overflow_open, serial_shops, nicolae_shop_window_shopping
D:7:      minmay_opposing_rooms, minmay_temple_entry_hall, serial_shops, shop
D:8:      minmay_separated_statues, nicolae_gozag_zags_fifth_avenue,
          blue_anna_alchemist
D:9:      kennysheep_seaside_town, grunt_temple_overflow_order_and_chaos_1,
          elyvilon_altar_4
D:10:     dpeg_oklobed_lair, nicolae_straight_to_the_point
D:11:     zombieorc2_lemuel, uniq_urug, uniq_gastronok
Temple:   circular_temple_12

Skill      XL: |  1  2  3  4  5  6  7  8  9 10 11 |
---------------+----------------------------------+-----
Unarmed Combat | 3 4 5 7 9 10 | 10.9
Transmutations | 3 4 5 6 8 |  8.9
Fighting       | 2 3 4 5 7 8 |  8.4
Spellcasting   | 3 4 |  4.0
Ice Magic      | 1 2 |  2.0
Invocations    | 1 4 |  4.0
Armour         | 1 |  1.5
Shields        | 1 |  1.0
Dodging        | 3 |  3.6

Action                   |  1- 3 |  4- 6 |  7- 9 | 10-12 || total
-------------------------+-------+-------+-------+-------++-------
Melee: Unarmed           |   136 |   205 |   339 |   540 ||  1220
       Kick              |     6 |     1 |    23 |     5 ||    35
       Punch             |     2 |     4 |     2 |       ||     8
       Headbutt          |       |     3 |     3 |       ||     6
 Cast: Beastly Appendage |     5 |     3 |     2 |       ||    10
       Sticks to Snakes  |     7 |     4 |    10 |     4 ||    25
       Spider Form       |       |    11 |    21 |    28 ||    60
       Ice Form          |       |       |    13 |    13 ||    26
Invok: Heroism           |       |       |     1 |     1 ||     2
  Use: Potion            |     1 |       |       |       ||     1
       Scroll            |       |       |     5 |    22 ||    27
 Stab: Sleeping          |     2 |     1 |     1 |     1 ||     5
       Distracted        |       |       |       |     2 ||     2
  Eat: Chunk             |     3 |    10 |    26 |    26 ||    65
Armor: Robe              |    33 |    43 |    22 |     5 ||   103
       Skin              |     1 |     3 |    26 |    40 ||    70
       Ring mail         |       |       |       |    71 ||    71
       Leather armour    |       |       |       |    11 ||    11
Dodge: Dodged            |    85 |   111 |   201 |   299 ||   696
Block: Buckler           |       |       |       |    27 ||    27
